 Dungeon Sprint DCSS version 0.30-a0-777-ga9a30cbeda (webtiles) character file.

Game seed: 529338459314444579

640 sircluck the Cleaver (level 7, -23/70 HPs)
             Began as a Hill Orc Fighter on Feb 13, 2023.
             Was a Believer of Beogh.
             Annihilated by a phantasmal warrior (37 damage)
             ... in the Dungeon (Sprint VII: "The Pits").
             The game lasted 00:04:20 (978 turns).

sircluck the Cleaver (Hill Orc Fighter)              Turns: 978, Time: 00:04:21

Health: -23/70     AC: 16    Str: 21    XL:     7   Next: 51%
Magic:  7/7        EV:  2    Int:  8    God:    Beogh [**....]
Gold:   0          SH:  0    Dex: 10    Spells: 6/6 levels left

rFire   . . .      SeeInvis .    o - +2 hand axe
rCold   . . .      Faith    .    c - +0 buckler
rNeg    . . .      Spirit   .    p - +2 plate armour
rPois   .          Reflect  .    (no helmet)
rElec   .          Harm     .    (no cloak)
rCorr   .          Rampage  .    (no gloves)
Will    .....      NoTele   +    (no boots) Stlth
                                 (no amulet)
HPRegen 0.31/turn                (no ring)
MPRegen 0.10/turn                (no ring)

@: sleeping
A: no striking features
a: Renounce Religion, Smiting


You were in the Dungeon.
You worshipped Beogh.
Beogh was pleased with you.
You visited 1 branch

Inventory:

Hand Weapons
 a - a +0 war axe
 o - a +2 hand axe (weapon)
Missiles
 n - 8 stones (quivered)
Armour
 b - a +0 scale mail
 c - a +0 buckler (worn)
 p - a +2 plate armour (worn)
 q - a +3 scale mail
Scrolls
 l - 5 scrolls of amnesia
Potions
 d - a potion of might
 e - a potion of curing
 f - 4 potions of heal wounds
 g - a potion of haste
 h - 4 potions of magic
 i - 3 potions of berserk rage
 k - 2 potions of invisibility


   Skills:
 + Level 9.4 Fighting
 + Level 12.4 Axes
 + Level 0.2 Throwing
 + Level 9.6 Armour
 + Level 1.4 Dodging
 + Level 7.4 Shields


You had 6 spell levels left.
You didn't know any spells.
Your spell library was empty.

Dungeon Overview and Level Annotations

Branches:
Dungeon (1/1)

Altars:
Ashenzari
Cheibriados
Dithmenos
Elyvilon
Fedhas
Gozag
Hepliaklqana
Kikubaaqudgha
Makhleb
Nemelex Xobeh
Okawaru
Qazlal
Ru
Sif Muna
Trog
Uskayaw
Vehumet
Wu Jian
Xom
Yredelemnul
Zin
The Shining One
Beogh
Jiyva
Lugonu


Message History

You close the huge gate.
Something unseen breaks down the huge gate.
There is a huge open gate to the Grid Vault (Hard) here.
There is a huge open gate to the Grid Vault (Hard) here.
There's a thick-headed creature in the gateway!
As you close the huge gate, it creaks loudly!
Something unseen breaks down the huge gate.
There is an open door to the Entrance Hall (Safe) here.
There is an open door to the Entrance Hall (Safe) here.
The phantasmal warrior gestures at you.
The phantasmal warrior blinks!
There is an open door to the Storerooms (Easy) here.
Read: scroll of butterflies
Press: ? - help, Q - select action, (/) - cycle Dir - look around, f - activate Look: a phantasmal warrior
As you read the scroll of butterflies, it crumbles to dust.
You hear the flapping of tiny wings.
The phantasmal warrior is knocked back by the sudden gust.
The phantasmal warrior gestures at you.
The phantasmal warrior blinks!
You swap places.
The dream sheep bites your butterfly.
Your butterfly dies!
Your butterfly disappears in a burst of colours!
You swap places.
The dream sheep shakes its wool and sparkles.
You feel drowsy...
You fall asleep.
Something hits your butterfly.
Your butterfly dies!
Your butterfly disappears in a burst of colours!
The dream sheep bites your butterfly.
Your butterfly dies!
Your butterfly disappears in a burst of colours!
The phantasmal warrior gestures at you.
The phantasmal warrior blinks!
The dream sheep bites your butterfly!
Your butterfly dies!
Your butterfly disappears in a burst of colours!
The phantasmal warrior hits you!!!
Ouch! That really hurt!
You die...

#..# #..# #..###########
#############.............
#_________.##.............
#_________.###########''##
#_______...###########''##
##########b##.............
#.?..')bb@b##..b...#..#...
##########W##.bb..........
#......bbbb.Yb§.Y.........
#'#####'#####b.bb..#..#...
#.#..#.....##.§...........
#.#))#####'#####'#####++##
#.#))#.....##.......#
#.#))#.....##.......#
#.#..###'####.......#


You could see a phantasmal warrior (ally target) and a dream sheep (ally
target).

Vanquished Creatures
  A redback (D)
  A water moccasin (D)
  A sky beast (D)
  2 wolves (D)
  A necrophage (D)
  An iguana (D)
  An orc wizard (D)
  A mummy (D)
  An adder (D)
  A white imp (D)
  An ufetubus (D)
  An adder skeleton (D)
  3 orcs (D)
  A ball python (D)
  2 endoplasms (D)
  2 giant cockroaches (D)
  A quokka (D)
  A kobold (D)
  A rat (D)
24 creatures vanquished.

Notes
Turn   | Place    | Note
-------+----------+-------------------------------------------
     0 | D        | sircluck the Hill Orc Fighter began the quest for the Orb.
     0 | D        | Reached XP level 1. HP: 19/19 MP: 1/1
    24 | D        | Found a bloodstained altar of Trog.
    24 | D        | Found a shimmering blue altar of Sif Muna.
    24 | D        | Found a viscous altar of Jiyva.
    24 | D        | Found a hazy altar of Hepliaklqana.
    24 | D        | Found an opulent altar of Gozag.
    25 | D        | Found a glowing golden altar of the Shining One.
    25 | D        | Found a glowing silver altar of Zin.
    25 | D        | Found a basalt altar of Yredelemnul.
    25 | D        | Found a shimmering altar of Xom.
    25 | D        | Found an ornate altar of the Wu Jian Council.
    25 | D        | Found a sacrificial altar of Ru.
    25 | D        | Found a stormy altar of Qazlal.
    25 | D        | Found an iron altar of Okawaru.
    25 | D        | Found a sparkling altar of Nemelex Xobeh.
    25 | D        | Found a burning altar of Makhleb.
    25 | D        | Found a blossoming altar of Fedhas.
    25 | D        | Found a white marble altar of Elyvilon.
    25 | D        | Found a shadowy altar of Dithmenos.
    25 | D        | Found a snail-covered altar of Cheibriados.
    27 | D        | Found a radiant altar of Vehumet.
    27 | D        | Found a corrupted altar of Lugonu.
    27 | D        | Found a roughly hewn altar of Beogh.
    28 | D        | Found a hide-covered altar of Uskayaw.
    28 | D        | Found an ancient bone altar of Kikubaaqudgha.
    28 | D        | Found a broken altar of Ashenzari.
    81 | D        | Reached skill level 3 in Axes
   138 | D        | Reached XP level 2. HP: 28/28 MP: 2/2
   147 | D        | Reached skill level 5 in Fighting
   147 | D        | Reached skill level 4 in Axes
   154 | D        | Reached XP level 3. HP: 26/36 MP: 3/3
   255 | D        | Noticed a wolf
   260 | D        | Noticed a necrophage
   270 | D        | Reached skill level 5 in Armour
   270 | D        | Reached skill level 5 in Shields
   294 | D        | Killed a necrophage
   295 | D        | Reached skill level 6 in Axes
   295 | D        | Reached XP level 4. HP: 39/45 MP: 4/4
   311 | D        | Killed a wolf
   312 | D        | Reached skill level 8 in Axes
   312 | D        | Reached XP level 5. HP: 14/52 MP: 5/5
   331 | D        | Reached skill level 9 in Axes
   331 | D        | Reached XP level 6. HP: 25/61 MP: 6/6
   363 | D        | Became a worshipper of Beogh the Brigand
   369 | D        | Noticed a sky beast
   383 | D        | Killed a sky beast
   384 | D        | Reached skill level 10 in Axes
   384 | D        | Reached skill level 1 in Dodging
   467 | D        | Noticed a water moccasin
   476 | D        | Killed a water moccasin
   477 | D        | Reached skill level 11 in Axes
   480 | D        | Reached * piety under Beogh
   490 | D        | Reached XP level 7. HP: 27/70 MP: 7/7
   776 | D        | Noticed a redback
   794 | D        | Killed a redback
   794 | D        | Reached ** piety under Beogh
   795 | D        | Reached skill level 12 in Axes
   925 | D        | Noticed a yaktaur
   926 | D        | Noticed a dream sheep
   926 | D        | Noticed a dream sheep
   926 | D        | Noticed a dream sheep
   926 | D        | Noticed a dream sheep
   926 | D        | Noticed a phantasmal warrior
   926 | D        | Noticed a dream sheep
   937 | D        | HP: 2/70 [yaktaur/bolt (13)]
   978 | D        | Annihilated by a phantasmal warrior

Illustrated notes

Levels and vault maps discovered:
D:        pitsprint [storerooms_1, entrance_room_1, metal_vault_8, armoury_1,
          mini_pit_1, grid_room_1, main_hall_1, silver_pit, the_coven_2,
          the_vestibule_1, steel_vault_3, golden_pit, hallway_of_sentries,
          crystal_vault_1, iron_vault_3, final_vault]

Skill      XL: |  1  2  3  4  5  6  7 |
---------------+----------------------+-----
Fighting       | 4 5 6 7 9 |  9.4
Axes           | 3 4 6 8 9 11 12 | 12.4
Armour         | 4 6 7 9 |  9.6
Shields        | 4 5 6 7 |  7.4
Dodging        | 1 |  1.4
Throwing       | |  0.2

Action                     |  1- 3 |  4- 6 |  7- 9 || total
---------------------------+-------+-------+-------++-------
  Melee: War axe           |    12 |       |       ||    12
         Hand axe          |    52 |    71 |    15 ||   138
  Throw: Stone             |       |       |     2 ||     2
 Invoke: Convert to Beogh  |       |     1 |       ||     1
    Use: Potion            |       |     2 |     5 ||     7
         Scroll            |       |       |     2 ||     2
 Armour: Scale mail        |    23 |       |       ||    23
         Plate armour      |    17 |    38 |     6 ||    61
  Dodge: Dodged            |    21 |    11 |     4 ||    36
  Block: Buckler           |    15 |    17 |     6 ||    38

Table legend: (Time is in decaauts)
 A = Elapsed time spent in this place.
 B = Non-inter-level travel time spent in this place.
 C = Inter-level travel time spent in this place.
 D = Time resting spent in this place.
 E = Time spent auto-exploring this place.
 F = Levels seen in this place.
 G = Mean time per level.
                   A        B        C        D        E       F      G
               +--------+--------+--------+--------+--------+-----+--------+
         Total |    976 |    894 |     82 |    332 |    122 |   1 |  976.0 |
       Dungeon |    976 |    894 |     82 |    332 |    122 |   1 |  976.0 |
               +--------+--------+--------+--------+--------+-----+--------+

Top non-repeatable levels by time:
       D: 976 daAuts
